Map: Ever Dream LE

Players

Slaight - Winner!

  • Race: Protoss Protoss
  • League: Platinum
  • Spawn Location: 7:00

LeDude

  • Race: Protoss Protoss
  • League: Platinum
  • Spawn Location: 1:00

VOD

Have the link to the VOD?

Description

Time

  • Played on: Aug. 18, 2020, 2:04 p.m.
  • Length: 10:07
Show
View Real Time Build Order
Export as new Build Order

Slaight Protoss - Winner!

Build Orders:  

Get SALT Encoding   

  12  0:01  Probe  
  13  0:17  Probe  
  13  0:20  Pylon  
  14  0:29  Probe  
  15  0:38  Gateway  
  15  0:41  Probe  
  16  0:51  Assimilator  
  16  0:54  Probe  
  17  1:06  Probe (Chrono Boost)  
  18  1:15  Probe (Chrono Boost)  
  19  1:28  Cybernetics Core  
  19  1:29  Probe  
  20  1:41  Probe  
  20  1:45  Assimilator  
  21  1:53  Probe  
  22  2:05  Probe  
  23  2:17  Pylon  
  23  2:25  Warp Gate  
  23  2:32  Adept (Chrono Boost)  
  23  2:35  Probe  
  26  2:42  Gateway  
  25  2:47  Probe  
  26  2:58  Adept  
  26  2:59  Probe  
  29  3:06  Shield Battery  
  29  3:12  Nexus, Probe  
  30  3:17  Robotics Facility  
  30  3:24  Probe  
  30  3:54  Probe  
  30  3:55  Stalker  
  31  4:07  Pylon  
  31  4:11  Pylon  
  31  4:21  Gateway x2  
  31  4:22  Immortal  
  31  4:23  Probe  
  36  4:25  Pylon  
  36  4:35  Probe (Chrono Boost)  
  36  4:40  Probe (Chrono Boost)  
  35  4:45  Probe (Chrono Boost)  
  35  4:46  Twilight Council  
  35  4:49  Probe (Chrono Boost)  
  35  4:50  Probe (Chrono Boost)  
  37  4:53  Zealot  
  37  4:59  Probe  
  40  5:02  Probe  
  41  5:09  Immortal  
  41  5:11  Probe  
  41  5:14  Probe  
  47  5:20  Charge (Chrono Boost)  
  47  5:21  Zealot x2  
  47  5:24  Probe  
  47  5:26  Probe  
  53  5:33  Pylon  
  53  5:40  Zealot  
  55  5:44  Assimilator  
  55  5:46  Assimilator  
  55  5:50  Zealot x2  
  59  5:57  Warp Prism  
  61  6:16  Probe  
  61  6:17  Probe  
  63  6:19  Pylon  
  63  6:21  Nexus  
  63  6:28  Probe  
  63  6:29  Probe  
  65  6:49  Zealot  
  65  6:50  Zealot x2  
  65  6:53  Observer  
  70  7:11  Stalker x2  
  70  7:12  Stalker  
  74  7:35  Stalker x2  
  74  7:36  Stalker  
  80  7:42  Probe x3  
  83  7:48  Gateway x2  
  83  7:51  Blink (Chrono Boost)  
  83  7:54  Probe x2  
  85  8:00  Zealot x2  
  85  8:23  Stalker x3  
  85  8:25  Probe x3  
  94  8:34  Pylon  
  94  8:37  Probe x3  
  94  8:38  Dark Shrine  
  95  8:53  Zealot x5  
  75  9:25  Zealot  
  75  9:26  Zealot x4  
  77  9:47  Stalker x5  
Show
View Real Time Build Order
Export as new Build Order

LeDude Protoss 

Build Orders:  

Get SALT Encoding   

  12  0:00  Probe  
  13  0:12  Probe  
  14  0:19  Pylon  
  14  0:24  Probe  
  15  0:37  Gateway  
  15  0:42  Probe  
  16  0:52  Gateway  
  16  0:54  Probe  
  17  0:59  Assimilator  
  17  1:05  Assimilator  
  17  1:10  Probe  
  18  1:22  Probe  
  18  1:24  Cybernetics Core  
  19  1:29  Pylon  
  19  1:39  Probe  
  20  1:51  Probe  
  21  2:01  Adept x2  
  21  2:05  Probe  
  26  2:25  Nexus  
  26  2:27  Pylon  
  26  2:30  Probe  
  27  2:45  Probe  
  27  2:46  Stalker  
  30  2:57  Probe  
  30  3:08  Robotics Facility  
  30  3:09  Probe  
  31  3:21  Probe  
  32  3:28  Stalker (Chrono Boost)  
  32  3:33  Probe  
  35  3:45  Probe  
  34  3:52  Stalker (Chrono Boost)  
  34  3:54  Probe  
  35  3:57  Warp Prism, Probe  
  35  4:00  Pylon  
  38  4:03  Shield Battery  
  38  4:08  Probe  
  38  4:09  Probe  
  40  4:12  Stalker  
  42  4:20  Probe  
  43  4:24  Probe  
  43  4:26  Twilight Council  
  43  4:29  Pylon  
  44  4:32  Probe  
  45  4:41  Warp Gate (Chrono Boost)  
  45  4:43  Probe  
  45  4:44  Probe  
  47  4:50  Immortal  
  47  4:51  Stalker  
  53  4:58  Shield Battery  
  53  4:59  Assimilator  
  53  5:01  Pylon  
  53  5:03  Assimilator  
  53  5:04  Stalker  
  55  5:11  Probe x2  
  57  5:22  Shield Battery  
  57  5:27  Gateway  
  57  5:29  Gateway  
  57  5:34  Probe  
  57  5:35  Probe  
  59  5:37  Blink (Chrono Boost)  
  59  5:46  Probe  
  59  5:49  Probe  
  61  5:59  Nexus  
  61  6:06  Forge  
  61  6:08  Forge  
  61  6:15  Pylon  
  61  6:18  Probe  
  62  6:22  Pylon  
  62  6:26  Gateway  
  62  6:28  Gateway  
  62  6:30  Gateway  
  62  6:37  Stalker x4, Protoss Ground Weapons Level 1 (Chrono Boost)  
  62  6:38  Protoss Ground Armor Level 1 (Chrono Boost)  
  74  7:08  Immortal  
  74  7:12  Stalker x3  
  74  7:13  Stalker  
  82  7:33  Templar Archives  
  82  7:36  Photon Cannon  
  82  7:38  Probe x2  
  82  7:40  Photon Cannon  
  84  7:50  Probe  
  84  7:51  Probe  
  86  7:53  Nexus  
  86  7:56  Pylon  
  86  7:58  Pylon  
  86  8:02  Pylon  
  86  8:19  Probe  
  88  8:20  Probe  
  88  8:22  High Templar x4  
  88  8:26  Archon x2  
  96  8:37  Pylon  
  96  8:41  Gateway  
  96  8:43  Gateway  
  96  8:44  Gateway  
  96  8:45  Gateway  
  95  8:52  Stalker x3  
  66  9:10  Stalker x3  
  66  9:11  Stalker  
  62  9:27  Stalker x3  
  66  9:37  Stalker x2  
  66  9:38  Stalker x2  
Tags
 
Add a new tag
Caveats
  • Supply blocks, unpowered buildings, or Contaminate may cause inaccurate times.
  • Supply counts are checked every 10 seconds.